 Dungeon Crawl Stone Soup version 0.20.0-15-g7f486f2 (webtiles) character file.

468 Omegatherion the Skirmisher (level 7, -10/45 HPs)
             Began as a Gargoyle Fighter on June 29, 2017.
             Mangled by an ogre
             ... wielding a +0 giant club
              (18 damage)
             ... on level 5 of the Dungeon.
             The game lasted 00:04:48 (3416 turns).

Omegatherion the Skirmisher (Gargoyle Fighter)      Turns: 3416, Time: 00:04:49

Health: -10/45     AC: 12    Str: 27    XL:     7   Next: 8%
Magic:  7/7        EV:  7    Int:  8    God:
Gold:   233        SH: 10    Dex:  9    Spells: 6/6 levels left

rFire    . . .     SeeInvis +   a - +0 flail
rCold    . . .     Gourm    .   c - +0 shield
rNeg     + . .     Faith    .   b - +0 scale mail
rPois    ∞         Spirit   .   (no helmet)
rElec    +         Reflect  .   (no cloak)
rCorr    .         Harm     .   n - +0 pair of gloves
MR       .....                  (no boots)
Stlth    ..........             (no amulet)
Regen    0.2/turn               p - ring of see invisible
MPRegen  0.1/turn               (no ring)

@: mighty
A: negative energy resistance 1, electricity resistance, unbreathing,
petrification resistance, rot immunity, AC +4
a: no special abilities


You were on level 5 of the Dungeon.
You were hungry.

You visited 1 branch of the dungeon, and saw 5 of its levels.

You collected 233 gold pieces.

Inventory:

Hand Weapons
 a - a +0 flail (weapon)
Armour
 b - a +0 scale mail (worn)
 c - a +0 shield (worn)
 n - a +0 pair of gloves (worn)
Jewellery
 p - a ring of see invisible (left hand)
 r - an uncursed ring of stealth {unknown}
Wands
 y - a wand of acid (6/15)
Scrolls
 g - 2 scrolls of recharging {unknown}
 h - a scroll of fog {unknown}
 j - 3 scrolls of remove curse {unknown}
 k - 2 scrolls of identify {unknown}
 l - a scroll of blinking {unknown}
 s - 2 scrolls of amnesia {unknown}
 u - a scroll of enchant weapon {unknown}
 w - a scroll of magic mapping {unknown}
 x - a scroll of teleportation {unknown}
Potions
 d - 4 potions of might
 e - 2 potions of ambrosia {unknown}
 i - 3 potions of heal wounds {unknown}
 o - a potion of haste {unknown}
 t - a potion of brilliance {unknown}
 v - a potion of flight {unknown}
Books
 q - a book of Minor Magic

   Spells                             Type                      Level
   a - Magic Dart                     Conjuration                  1
   b - Blink                          Translocation                2
   c - Call Imp                       Summoning                    2
   d - Slow                           Hexes                        2
   e - Conjure Flame                  Conjuration/Fire             3
   f - Mephitic Cloud                 Conjuration/Poison/Air       3
Comestibles
 f - 7 bread rations
 m - 3 meat rations


   Skills:
 + Level 5.7 Fighting
 + Level 5.2 Maces & Flails
 - Level 3.2 Armour
 + Level 4.6 Shields


You had 6 spell levels left.
You didn't know any spells.

Dungeon Overview and Level Annotations

Branches:
Dungeon (5/15)
 Temple: D:4-7

Altars:
Fedhas
Sif Muna
Uskayaw
Yredelemnul


Innate Abilities, Weirdness & Mutations

You are resistant to torment.
Your stone body is resilient. (AC +4)
You are immune to poison.
You resist negative energy. (rN+)
You are resistant to electric shocks. (rElec)
You can survive without breathing.
You are immune to petrification.
You are immune to rotting.


Message History

You are too injured to fight recklessly!
You are too injured to fight recklessly!
You are too injured to fight recklessly!
You are too injured to fight recklessly!
You block the gnoll sergeant's attack. The gnoll hits you but does no damage.
You feel very mighty all of a sudden. The gnoll hits you but does no damage.
The gnoll barely misses you.
You barely miss the gnoll. The gnoll hits you but does no damage.
The crimson imp blinks!
The gnoll sergeant hits you but does no damage.
The gnoll hits you with a spear.
You closely miss the gnoll.
The gnoll sergeant hits you from afar with a spear.
The gnoll hits you with a spear.
* * * LOW HITPOINT WARNING * * *
The gnoll sergeant hits you from afar with a spear.
* * * LOW HITPOINT WARNING * * *
The ogre hits you with a giant club!!
You die...

...............#.#........
.#############.#.#........
......##...###.#.#........
.####............#........
.##....(...###.###).J.....
.##............#.g........
.........#######g#........
........## #.#........
######.## #@#........ #.#
#.Og....... #.#
###........ ##.##
###........ #..>#
#.......... #...#
#.########. #...# #.######
####...##### #......#
#........<..####.####.#


You could see an ogre, a gnoll sergeant and 2 gnolls.

Vanquished Creatures
  The ghost of Omegatherion the Skirmisher, an amateur GrFi (D:3)
  A howler monkey (D:4)
  A crimson imp (D:4)
  An iguana (D:4)
  2 worker ants (D:4)
  Robin (D:3)
  A gnoll (D:5)
  9 adders
  A shadow imp (D:4)
  2 worms
  4 dart slugs
  A leopard gecko (D:2)
  8 orcs
  5 giant cockroaches
  7 goblins
  10 hobgoblins
  19 jackals
  2 quokkas
  5 ball pythons
  13 bats
  4 frilled lizards
  8 kobolds
  A quokka zombie (D:5)
  9 rats
116 creatures vanquished.

Notes
Turn   | Place    | Note
-------+----------+-------------------------------------------
     0 | D:1      | Omegatherion the Gargoyle Fighter began the quest for the Orb.
     0 | D:1      | Reached XP level 1. HP: 14/14 MP: 1/1
    69 | D:1      | Reached XP level 2. HP: 19/19 MP: 2/2
   420 | D:1      | Reached XP level 3. HP: 24/24 MP: 3/3
   994 | D:2      | Reached XP level 4. HP: 28/29 MP: 4/4
  1632 | D:3      | Noticed Omegatherion's ghost (amateur GrFi)
  1686 | D:3      | Found a blossoming altar of Fedhas.
  1898 | D:3      | Found a hide-covered altar of Uskayaw.
  1991 | D:3      | Noticed Robin
  1994 | D:3      | Reached XP level 5. HP: 34/34 MP: 5/5
  1999 | D:3      | Killed Robin
  2074 | D:3      | Found a deep blue altar of Sif Muna.
  2329 | D:3      | Killed Omegatherion's ghost
  2329 | D:3      | Reached skill level 5 in Fighting
  2329 | D:3      | Reached XP level 6. HP: 27/40 MP: 6/6
  2668 | D:4      | Reached skill level 5 in Maces & Flails
  2823 | D:4      | Found a basalt altar of Yredelemnul.
  3052 | D:4      | Reached XP level 7. HP: 44/45 MP: 7/7
  3293 | D:5      | Entered Level 5 of the Dungeon
  3416 | D:5      | Mangled by an ogre

Skill      XL: |  1  2  3  4  5  6 |
---------------+-------------------+-----
Maces & Flails | 3 4 5 |  5.2
Fighting       | 4 5 |  5.7
Shields        | 4 |  4.6
Armour         | |  3.2

Action                   |  1- 3 |  4- 6 |  7- 9 || total
-------------------------+-------+-------+-------++-------
Melee: Flail             |   120 |   264 |    26 ||   410
  Use: Potion            |       |       |     1 ||     1
  Eat: Chunk             |       |     7 |     1 ||     8
Armor: Scale mail        |    75 |   173 |    26 ||   274
Dodge: Dodged            |    41 |   120 |    12 ||   173
Block: Shield            |    80 |   157 |    26 ||   263
